AoeStats
← Robin5hood

Arabia

509730230Analyzed
3v3 RM · 6d ago on Sep 27, 2026· 48m 28s· 6 players
Game mode
Random Map
Map size
Normal (6 player)
Population
200
Speed
Normal
Resources
Standard
Victory
Conquest
Starting age
Dark Age
Ending age
Imperial Age
RankedLock teamsTeams togetherTeam positionsShared explorationLock speedFull tech treeHidden civsTurbo modeCheats
Victory
Defeat
🇬🇧 Shu · United Kingdom
1463
+11
🇵🇱 Poles · Poland
1374
+14
🇵🇱 Vietnamese · Poland
1097
+25
🇮🇳 Varangians · India
1342
-17
🇮🇳 Saracens · India
1327
-17
🇮🇳 Mapuche · India
1303
-16
Robin5hood
6:57 Loom
9:47 Feudal Age
10:15 Double-Bit Axe
13:27 Horse Collar
15:52 Bloodlines
17:34 Scale Barding Armor
18:24 Forging
20:13 Wheelbarrow
20:48 Gold Mining
23:41 Castle Age
24:37 Husbandry
24:59 Chain Barding Armor
25:15 Iron Casting
26:15 Bow Saw
27:04 Town Watch
30:42 Heavy Plow
32:17 Szlachta Privileges
33:19 Hand Cart
38:50 Imperial Age
38:51 Cavalier
38:52 Light Cavalry
40:34 Blast Furnace
40:53 Fletching
40:55 Winged Hussar
41:47 Bodkin Arrow
45:38 Chemistry
44:59 Ballistics
44:20 Treadmill Crane
44:45 Siege Engineers
47:11 Crop Rotation
46:47 Town Patrol
47:00 Bracer
47:00 Padded Archer Armor
48:29 Devotion
Bilu
7:01 Loom
9:10 Feudal Age
9:49 Town Watch
10:09 Double-Bit Axe
13:31 Fletching
22:30 Castle Age
20:41 Padded Archer Armor
21:16 Gold Mining
23:16 Bodkin Arrow
22:42 Crossbowman
24:39 Gold Shaft Mining
25:15 Leather Archer Armor
26:01 Bow Saw
27:36 Ballistics
29:26 Thumb Ring
30:43 Man-at-Arms
32:13 Wheelbarrow
34:44 Hand Cart
37:22 Imperial Age
35:34 Horse Collar
38:14 Bracer
38:46 Ring Archer Armor
37:37 Arbalester
39:24 Chemistry
38:05 Treadmill Crane
39:47 Conscription
40:52 Two-Man Saw
45:11 Siege Engineers
45:45 Masonry
46:36 Ring Archer Armor
MerX
4:53 Loom
9:49 Feudal Age
10:25 Double-Bit Axe
15:38 Fletching
17:12 Padded Archer Armor
22:27 Castle Age
25:00 Wheelbarrow
24:44 Bow Saw
26:02 Horse Collar
29:04 Bodkin Arrow
30:28 Ballistics
30:34 Leather Archer Armor
30:18 Town Watch
32:51 Elite Skirmisher
36:07 Gold Mining
35:41 Crossbowman
40:36 Imperial Age
39:30 Heavy Plow
42:23 Chemistry
42:26 Bracer
44:45 Hand Cart
45:25 Crossbowman
46:13 Thumb Ring
46:49 Ring Archer Armor
48:22 Elite Rattan Archer
PaikSiegePush
7:04 Loom
9:26 Feudal Age
11:49 Double-Bit Axe
18:25 Fletching
24:46 Castle Age
25:56 Gold Mining
26:17 Bow Saw
26:15 Bodkin Arrow
26:44 Town Watch
26:50 Horse Collar
27:30 Padded Archer Armor
29:17 Stone Mining
30:08 Leather Archer Armor
40:33 Imperial Age
39:15 Wheelbarrow
39:17 Ballistics
42:57 Chemistry
Nawaab
5:58 Loom
8:39 Feudal Age
9:25 Double-Bit Axe
9:49 Horse Collar
13:35 Bloodlines
15:56 Scale Barding Armor
18:47 Forging
21:27 Castle Age
19:39 Forging
19:38 Gold Mining
21:20 Fletching
22:35 Chain Barding Armor
22:25 Bow Saw
24:15 Husbandry
30:39 Wheelbarrow
32:59 Iron Casting
35:11 Hand Cart
34:42 Town Watch
37:08 Bodkin Arrow
37:38 Town Patrol
41:51 Imperial Age
40:37 Stone Mining
43:42 Blast Furnace
43:29 Elite Jarl
45:51 Conscription
46:37 Plate Barding Armor
Anath3mA
6:19 Loom
8:50 Feudal Age
11:12 Double-Bit Axe
14:05 Fletching
17:48 Padded Archer Armor
25:16 Castle Age
23:43 Horse Collar
23:58 Gold Mining
24:00 Stone Mining
25:23 Crossbowman
25:59 Bodkin Arrow
26:35 Bow Saw
27:04 Elite Skirmisher
29:01 Ballistics
29:03 Leather Archer Armor
31:40 Heavy Plow
36:15 Bloodlines
36:05 Husbandry
36:14 Scale Barding Armor
37:25 Chain Barding Armor
37:19 Forging
41:00 Husbandry
44:24 Imperial Age
43:57 Iron Casting
45:21 Wheelbarrow
45:10 Thumb Ring
45:28 Conscription
46:24 Plate Barding Armor
45:23 Elite Mameluke
48:44 Blast Furnace
Connection lost

Rejoining the realm…

Still unreachable

The connection could not be restored.

Session expired

The server has moved on; the page needs a fresh start.